 Dungeon Crawl Stone Soup version 0.26-a0-83-g7ccd015ce0 (webtiles) character file.

Game seed: 3235681936477276807

10241 bmfx the Tainter (level 11, -3/60 HPs)
             Began as a Vine Stalker Venom Mage on June 16, 2020.
             Was a High Priest of Okawaru.
             Hit by a large rock thrown by a cyclops (21 damage)
             ... on level 11 of the Dungeon.
             The game lasted 00:31:45 (14377 turns).

bmfx the Tainter (Vine Stalker Venom Mage)         Turns: 14377, Time: 00:31:46

Health: -3/60      AC: 13    Str: 20    XL:     11   Next: 59%
Magic:  0/21       EV: 14    Int: 21    God:    Okawaru [*****.]
Gold:   345        SH:  0    Dex: 15    Spells: 9/22 levels left

rFire    + . .     SeeInvis .   A - +3 quarterstaff of Uskayaw's Grace {protect, *Drain rPois Str+6 Int+3}
rCold    + + .     Gourm    .   (shield currently unavailable)
rNeg     + . .     Faith    .   J - +2 robe {rC+ rF+}
rPois    +         Spirit   +   G - +2 helmet {Int+3}
rElec    .         Reflect  .   (no cloak)
rCorr    .         Harm     .   x - +1 pair of gloves
MR       +....                  D - +2 pair of boots
Stlth    ++........             t - amulet of regeneration
HPRegen  1.00/turn              g - ring of protection from cold
MPRegen  0.17/turn              E - ring of positive energy

@: no status effects
A: fangs 3, regeneration 1, magic shield, antimagic bite, no potion heal 3, rot
immunity
a: Heroism, Finesse, Renounce Religion


You were on level 11 of the Dungeon.
You worshipped Okawaru.
Okawaru was extremely pleased with you.
You were not hungry.

You visited 2 branches of the dungeon, and saw 12 of its levels.

You collected 666 gold pieces.
You spent 321 gold pieces at shops.


Innate Abilities, Weirdness & Mutations

You have razor-sharp teeth.
Your natural rate of healing is unusually fast.
When hurt, damage is shared between your health and your magic reserves.
Your bite disrupts and absorbs the magic of your enemies.
Potions cannot restore your health.
You are immune to rotting.

Dungeon Overview and Level Annotations

Branches:
Dungeon (11/15)            Temple (1/1) D:6            Lair (0/6) D:9
    Orc: D:9-12

Altars:
Ashenzari
Cheibriados
Dithmenos
Elyvilon
Fedhas
Gozag
Hepliaklqana
Kikubaaqudgha
Makhleb
Nemelex Xobeh
Okawaru
Qazlal
Ru
Sif Muna
Trog
Uskayaw
Vehumet
Wu Jian
Xom
Yredelemnul
Zin
The Shining One
Lugonu

Shops:
D:7 [   D:9 ?=[   D:11 %

Annotations:
D:4 exclusion: statue
D:6 exclusions: ice beast and 2 wights
D:9 exclusion: 2 death yaks


   Skills:
 - Level 8.0 Fighting
 - Level 5.3 Armour
 - Level 4.0 Dodging
 - Level 2.4 Stealth
 - Level 6.0 Spellcasting
 - Level 2.0 Conjurations
 - Level 2.0 Transmutations
 - Level 2.0 Fire Magic
 - Level 2.0 Air Magic
 - Level 8.0 Poison Magic
 - Level 4.0 Invocations
 + Level 7.2 Evocations


You had 9 spell levels left.
You knew the following spells:

 Your Spells              Type           Power        Failure   Level  Hunger
A - Sting                 Tmut/Pois      ####         1%          1    None
B - Poisonous Vapours     Pois/Air       ####..       1%          2    None
C - Ignite Poison         Fire/Tmut/Pois ###.....     5%          3    ##.....
D - Mephitic Cloud        Conj/Pois/Air  ###.....     5%          3    ##.....
E - Olgreb's Toxic Radia  Pois           #####...     3%          4    ####...

Your spell library contained the following spells:

 Spells                   Type           Power        Failure   Level  Hunger
 Animate Skeleton         Necr           N/A          10%         1    None
 Pain                     Necr           #...         10%         1    None
 Summon Small Mammal      Summ           #...         10%         1    None
 Call Imp                 Summ           #.......     14%         2    None
 Call Canine Familiar     Summ           #.......     28%         3    ##.....
 Summon Guardian Golem    Hex/Summ       #.......     28%         3    ##.....
 Vampiric Draining        Necr           #.........   28%         3    ##.....
 Summon Lightning Spire   Summ/Air       ##......     54%         4    ####...
 Animate Dead             Necr           N/A          67%         4    ####...
 Summon Ice Beast         Ice/Summ       #.......     67%         4    ####...
 Agony                    Necr           #.......     95%         5    #####..

Action                   |  1- 3 |  4- 6 |  7- 9 | 10-12 || total
-------------------------+-------+-------+-------+-------++-------
Melee: Mace              |     5 |     7 |    63 |       ||    75
       Bite              |       |     1 |    60 |    29 ||    90
       Quarterstaff      |       |       |    98 |    87 ||   185
Throw: Javelin           |       |     2 |     9 |     4 ||    15
       Dart              |       |     2 |       |       ||     2
 Cast: Sting             |     9 |       |     7 |     2 ||    18
       Poisonous Vapours |    39 |    65 |   184 |    66 ||   354
       Ignite Poison     |       |       |     3 |     5 ||     8
       Mephitic Cloud    |       |       |     3 |     7 ||    10
       Olgreb's Toxic Ra |       |       |     3 |    16 ||    19
Invok: Heroism           |       |       |     1 |     2 ||     3
Evoke: Wand              |       |       |     3 |       ||     3
  Use: Scroll            |       |     2 |    11 |    10 ||    23
 Stab: Paralysed         |       |       |     8 |       ||     8
       Confused          |       |       |       |     2 ||     2
  Eat: Chunk             |     5 |     6 |    19 |     8 ||    38
       Ration            |       |     1 |     3 |     2 ||     6
Armor: Robe              |     5 |     1 |    27 |    21 ||    54
       Ring mail         |       |       |    54 |     7 ||    61
Dodge: Dodged            |    16 |     3 |   125 |    97 ||   241

Skill      XL: |  1  2  3  4  5  6  7  8  9 10 11 |
---------------+----------------------------------+-----
Air Magic      | 1 2 |  2.0
Spellcasting   | 3 4 6 |  6.0
Poison Magic   | 4 6 7 8 |  8.0
Fighting       | 3 4 5 8 |  8.0
Fire Magic     | 2 |  2.0
Conjurations   | 2 |  2.0
Transmutations | 2 |  2.0
Evocations     | 3 4 7 |  7.2
Invocations    | 4 |  4.0
Armour         | 4 5 |  5.3
Dodging        | 4 |  4.0
Stealth        | |  2.4

Inventory:

Hand Weapons
 u - a cursed -1 war axe of electrocution
 A - the +3 quarterstaff of Uskayaw's Grace (weapon) {protect, *Drain rPois Str+6 Int+3}
   (You found it on level 6 of the Dungeon)

   It grants its wielder temporary protection when it strikes (+7 to AC).
   It affects your strength (+6).
   It affects your intelligence (+3).
   It protects you from poison.
   It causes draining when unequipped.
Missiles
 h - 31 poisoned darts
 l - 8 javelins (quivered)
Armour
 o - a +0 ring mail
 x - a +1 pair of gloves (worn)
 z - a +2 robe of magic resistance
 D - a +2 pair of boots (worn)
 G - a +2 helmet of intelligence (worn)
 J - a +2 robe of resistance (worn)
Magical Staves
 K - an uncursed staff of conjuration {unknown}
Jewellery
 g - a ring of protection from cold (left hand)
 q - an uncursed ring of flight
 t - an amulet of regeneration (around neck)
 w - an uncursed amulet of magic regeneration
 E - a ring of positive energy (right hand)
Wands
 a - a wand of polymorph (3)
 v - a wand of paralysis (5)
 C - a wand of acid (18)
 H - a wand of flame (18)
Scrolls
 i - a scroll of enchant weapon
 j - 5 scrolls of immolation
 m - 6 scrolls of teleportation {@r1}
 y - 4 scrolls of remove curse {@r4}
 B - 2 scrolls of brand weapon
 I - a scroll of fog
Potions
 b - a potion of flight
 d - 5 potions of curing
 e - a potion of berserk rage
 f - 2 potions of might {unknown}
 k - 2 potions of lignification {unknown}
 n - a potion of magic
 p - 5 potions of mutation {unknown}
 r - a potion of cancellation
Comestibles
 c - 17 rations

##### #...# #...#
#...########
#...[....(.#
#..........##
########.>.........#
#.........)........##
#.##.##.......@.....#
#.#(..#.##.##(...(..#
#..$....#...#[......#
#.#.........([)..####
#.##.#..#..(#....# .
.........##((..# #
##.......(.)...8#
#...#..#C##.....#
..........#....∩#


You could see a cyclops (poisoned).

Vanquished Creatures
  3 two-headed ogres
  A manticore (D:11)
  Psyche (D:10)
  2 centaur zombies
  A gargoyle (D:10)
  A komodo dragon (D:10)
  3 hippogriffs
  A spriggan (D:9)
  6 yaks
  A steam dragon (D:10)
  3 orc warriors
  2 ice beasts
  2 sky beasts
  6 ogres
  A necrophage (D:8)
  A black bear (D:11)
  7 centaurs
  A crocodile (D:11)
  3 bullfrogs
  4 scorpions
  A jelly (D:10)
  10 killer bees
  4 wights (D:11)
  4 crimson imps
  3 howler monkeys
  A quasit (D:4)
  2 bullfrog skeletons
  5 hounds
  11 orc priests
  10 orc wizards
  A centaur skeleton (D:8)
  Terence (D:3)
  5 iguanas
  8 worker ants
  A killer bee zombie (D:5)
  2 hound skeletons
  13 adders
  4 gnolls (D:5)
  2 howler monkey skeletons (D:5)
  A shadow imp (D:4)
  An ooze (D:4)
  2 adder skeletons
  An adder zombie (D:5)
  3 worms
  2 dart slugs
  6 leopard geckos
  38 orcs
  6 giant cockroaches
  6 goblins
  9 hobgoblins
  15 jackals
  8 kobolds
  2 quokkas
  A ball python (D:1)
  8 bats
  7 frilled lizards
  A jackal skeleton (D:4)
  A jackal zombie (D:5)
  A leopard gecko skeleton (D:4)
  7 rats
264 creatures vanquished.

Vanquished Creatures (others)
  A worker ant (D:5)
  An orc (D:5)
2 creatures vanquished.

Grand Total: 266 creatures vanquished

Levels and vault maps discovered:
D:1:      minmay_arrival_jagged, layout_loops_ring, serial_bayou_pond_a,
          st_stairs_8
D:2:      layout_loops_ring, nicolae_overflow_crystal_walls, kennysheep_path_1,
          minmay_misc_feat_chi
D:3:      minmay_evil_eye, layout_basic, nicolae_dithmenos_shadow_blocks,
          lemuel_crystal_altar, kennysheep_pointless_box, uniq_terence
D:4:      layout_basic, vehumet_statue, first_ration
D:5:      layout_cave_pools, xom_confusion_cloud, kennysheep_mini,
          gammafunk_temple_overflow_statue, st_stairs_3,
          minmay_a_box_with_orc_wizards_in_it
D:6:      layout_loops_cross, grunt_temple_overflow_growth_and_decay,
          kennysheep_little_box, gammafunk_temple_overflow_elements,
          minmay_temple_entry_junction, basic_altar
D:7:      layout_basic, nicolae_ru_great_annihilating_truth, serial_shops,
          nicolae_shop_statue_plus
D:8:      layout_loops_corners, lemuel_crystal_altar, lemuel_crystal_altar
D:9:      layout_irregular_city, dpeg_lair_monsters, serial_shops,
          nicolae_shop_trees, shop, nicolae_shop_competitors_out_of_business,
          the_bakery, chequers_jeans
D:10:     layout_basic, serial_rivers, chequers_serial_rivers_micro_d,
          chequers_serial_rivers_large_b, chequers_serial_rivers_micro_a,
          chequers_serial_rivers_large_a, chequers_serial_rivers_micro_e,
          chequers_serial_rivers_room_a, uniq_psyche
D:11:     layout_cross, david_orc_3, serial_shops, shop_statue,
          hangedman_decor_clover_reticule
Temple:   corrupted_temple


Message History

Casting: Ignite Poison (dangerous; 5% risk of failure)
Confirm with . or Enter, or press ? or * to list all spells.
Aiming: Poisonous Vapours (safe; 1% risk of failure)
Press: ? - help, Dir - move target cursor, f - cyclops
Aim: a cyclops, quivering 4 large rocks (wandering, hasn't noticed you) Poisonous vapours surround the cyclops!
The cyclops shouts!
The cyclops is engulfed in poison gas.
The cyclops is poisoned.
The cyclops throws a large rock.
The large rock hits you!!
Things that are here:
32 arrows; a +0 shortbow; a manticore corpse
Things that are here:
a cursed +0 chain mail; a +0 mace; an orc skeleton The cyclops throws a large rock.
The large rock hits you!!
* * * LOW HITPOINT WARNING * * *
You see here a large rock.
There is a stone staircase leading up, spattered with blood here.
You see here a stone.
The cyclops throws a large rock.
The large rock hits you!!
You die...

Notes
Turn   | Place    | Note
-------+----------+-------------------------------------------
     0 | D:1      | bmfx the Vine Stalker Venom Mage began the quest for the
                  | Orb.
     0 | D:1      | Reached XP level 1. HP: 9/9 MP: 4/4
   246 | D:1      | Reached XP level 2. HP: 13/13 MP: 3/6
   250 | D:1      | Learned a level 2 spell: Poisonous Vapours
   798 | D:1      | Reached XP level 3. HP: 16/16 MP: 5/8
   934 | D:1      | Reached skill level 1 in Air Magic
  1774 | D:2      | Gained mutation: Your natural rate of healing is unusually
                  | fast. [Vine Stalker growth]
  1774 | D:2      | Reached XP level 4. HP: 21/21 MP: 2/9
  2352 | D:2      | Found a glowing silver altar of Zin.
  2489 | D:3      | Found a glowing golden altar of the Shining One.
  2623 | D:3      | Learned a level 3 spell: Ignite Poison
  2627 | D:3      | Learned a level 3 spell: Mephitic Cloud
  2696 | D:3      | Noticed Terence
  2710 | D:3      | Killed Terence
  2862 | D:3      | Reached XP level 5. HP: 18/24 MP: 0/11
  3532 | D:3      | Reached XP level 6. HP: 28/28 MP: 6/13
  3606 | D:3      | Reached skill level 5 in Poison Magic
  3859 | D:3      | Noticed a hippogriff
  3871 | D:3      | Killed a hippogriff
  3871 | D:3      | Reached XP level 7. HP: 32/32 MP: 4/14
  4068 | D:3      | Found a shadowy altar of Dithmenos.
  4674 | D:4      | Reached skill level 1 in Fighting
  4851 | D:4      | Found a radiant altar of Vehumet.
  5309 | D:4      | Learned a level 4 spell: Olgreb's Toxic Radiance
  5923 | D:5      | Entered Level 5 of the Dungeon
  6209 | D:5      | Found a white marble altar of Elyvilon.
  6228 | D:5      | Gained mutation: You have razor-sharp teeth. [Vine Stalker
                  | growth]
  6228 | D:5      | Reached XP level 8. HP: 32/40 MP: 13/15
  7279 | D:5      | Found a shimmering altar of Xom.
  7310 | D:5      | Reached skill level 1 in Fire Magic
  7366 | D:5      | Found a hazy altar of Hepliaklqana.
  7367 | D:5      | Found a shimmering blue altar of Sif Muna.
  7375 | D:5      | Reached skill level 1 in Conjurations
  7619 | D:6      | Got a shimmering quarterstaff
  7620 | D:6      | Identified the +3 quarterstaff of Uskayaw's Grace {protect,
                  | *Drain rPois Str+6 Int+3} (You found it on level 6 of the
                  | Dungeon)
  7720 | D:6      | Reached skill level 1 in Evocations
  7825 | D:6      | Found a staircase to the Ecumenical Temple.
  7834 | Temple   | Entered the Ecumenical Temple
  7846 | Temple   | Became a worshipper of Warmaster Okawaru
  7884 | D:6      | Found a radiant altar of Vehumet.
  7927 | D:6      | Found an ancient bone altar of Kikubaaqudgha.
  7928 | D:6      | Found a blossoming altar of Fedhas.
  8178 | D:6      | Found a burning altar of Makhleb.
  8290 | D:6      | Reached XP level 9. HP: 31/45 MP: 5/16
  8465 | D:6      | Found a shattered altar of Ashenzari.
  8465 | D:6      | Found an opulent altar of Gozag.
  8753 | D:7      | Reached skill level 1 in Invocations
  8959 | D:7      | Found Gukhlatz's Antique Armour Emporium.
  8965 | D:7      | Bought a pair of boots for 90 gold pieces
  8982 | D:7      | Reached * piety under Okawaru
  9232 | D:7      | Found a sacrificial altar of Ru.
  9720 | D:8      | Reached skill level 1 in Armour
 10184 | D:8      | Found an ornate altar of the Wu Jian Council.
 10240 | D:8      | Found a hide-covered altar of Uskayaw.
 10352 | D:8      | Reached ** piety under Okawaru
 10677 | D:8      | Noticed a two-headed ogre
 10687 | D:8      | Killed a two-headed ogre
 10687 | D:8      | Reached skill level 5 in Fighting
 10687 | D:8      | Reached XP level 10. HP: 47/51 MP: 17/17
 10954 | D:9      | Found Hatuoreh's Armour Shop.
 10955 | D:9      | Found Gigepe's Jewellery Boutique.
 10980 | D:9      | Bought a +1 helmet of intelligence for 231 gold pieces
 11048 | D:9      | Reached *** piety under Okawaru
 11134 | D:9      | Found Emopy's Magic Scroll Emporium.
 11397 | D:9      | Found a staircase to the Lair.
 11397 | D:9      | Noticed a death yak
 11406 | D:9      | Noticed a death yak
 11580 | D:9      | You fall into a shaft and drop 1 floor!
 11580 | D:10     | Entered Level 10 of the Dungeon
 11944 | D:9      | Noticed a two-headed ogre
 11969 | D:9      | Killed a two-headed ogre
 11969 | D:9      | Reached **** piety under Okawaru
 12416 | D:10     | Noticed a gargoyle
 12417 | D:10     | Noticed Psyche
 12421 | D:10     | Killed Psyche
 12516 | D:10     | Killed a gargoyle
 12516 | D:10     | Reached skill level 5 in Armour
 12883 | D:10     | Reached XP level 11. HP: 60/60 MP: 11/18
 13236 | D:10     | Reached skill level 5 in Spellcasting
 13551 | D:11     | Noticed a two-headed ogre
 13735 | D:11     | Reached ***** piety under Okawaru
 13735 | D:11     | Reached skill level 5 in Evocations
 13745 | D:11     | Found Cuut's Food Boutique.
 14018 | D:11     | Noticed a manticore
 14021 | D:11     | Killed a two-headed ogre
 14302 | D:11     | Killed a manticore
 14314 | D:11     | Noticed a cyclops
 14377 | D:11     | Hit by a large rock thrown by a cyclops
